 Dungeon Crawl Stone Soup version 0.30-a0-339-g89bb51ec76 (webtiles) character file.

Game seed: 10086558332054541869

86 avis the Chopper (level 4, -1/41 HPs)
             Began as a Hill Orc Monk on Oct 31, 2022.
             Slain by a sky beast (6 damage)
             ... on level 3 of the Dungeon.
             The game lasted 00:08:14 (1973 turns).

avis the Chopper (Hill Orc Monk)                    Turns: 1973, Time: 00:08:16

Health: -1/41      AC:  3    Str: 15    XL:     4   Next: 50%
Magic:  4/4        EV: 12    Int: 10    God:
Gold:   216        SH:  0    Dex: 13    Spells: 3/3 levels left

rFire   . . .      SeeInvis .    a - +0 hand axe
rCold   . . .      Faith    .    (no shield)
rNeg    . . .      Spirit   .    b - +0 robe
rPois   .          Reflect  .    (no helmet)
rElec   .          Harm     .    g - +0 cloak
rCorr   .          Rampage  .    (no gloves)
Will    .....                    (no boots)
Stlth   ++........               (no amulet)
HPRegen 0.26/turn                l - ring of flight
MPRegen 0.09/turn                (no ring)

@: flying
A: no striking features
a: no special abilities


You were on level 3 of the Dungeon.
You visited 1 branch of the dungeon, and saw 3 of its levels.

You collected 216 gold pieces.

Inventory:

Hand Weapons
 a - a +0 hand axe (weapon)
 i - a +1 whip of holy wrath
 s - a +0 shortbow
Armour
 b - a +0 robe (worn)
 g - a +0 cloak (worn)
Jewellery
 l - a ring of flight (left hand)
 t - a +4 ring of protection
Scrolls
 e - a scroll of fog {unknown}
 f - 5 scrolls of identify {unknown}
 h - 3 scrolls of vulnerability {unknown}
 j - 2 scrolls of teleportation {unknown}
 m - a scroll of enchant armour {unknown}
 p - a scroll of noise {unknown}
 r - a scroll of magic mapping {unknown}
Potions
 c - a potion of ambrosia
 d - a potion of brilliance {unknown}
 k - a potion of attraction {unknown}
 n - a potion of curing {unknown}
 o - a potion of degeneration {unknown}
 q - a potion of might {unknown}


   Skills:
 + Level 4.6 Fighting
 * Level 6.0 Axes
 - Level 2.4 Dodging
 - Level 1.5 Stealth


You had 3 spell levels left.
You didn't know any spells.
Your spell library contained the following spells:

 Spells                   Type           Power      Damage    Failure   Level
 Apportation              Tloc           0%         N/A       36%         1
 Foxfire                  Conj/Fire      0%         2x1d4     36%         1
 Fireball                 Conj/Fire      0%         3d3       100%        5
 Starburst                Conj/Fire      0%         6d3       100%        6


Dungeon Overview and Level Annotations

Branches:
Dungeon (3/15)

Altars:
Yredelemnul


Message History

Something barely misses you.
You barely miss something.
A sky beast appears from thin air!
Reactivating autopickup.
The sky beast hits you. The sky beast shocks you.
You completely miss the sky beast.
The sky beast is lightly wounded.
The sky beast hits you but does no damage.
You barely miss the sky beast.
The sky beast is lightly wounded.
The sky beast hits you but does no damage.
You hit the sky beast.
The sky beast is lightly wounded.
The sky beast flickers out of sight!
Deactivating autopickup; reactivate with Ctrl-A.
Something hits you. Something shocks you.
You hit something but do no damage.
A sky beast appears from thin air!
Reactivating autopickup.
The sky beast hits you but does no damage.
You slash the sky beast!
The sky beast is heavily wounded.
The sky beast barely misses you.
You hit the sky beast.
The sky beast is heavily wounded.
The sky beast hits you. The sky beast shocks you.
* * * LOW HITPOINT WARNING * * *
You hit the sky beast.
The sky beast is severely wounded.
The sky beast closely misses you.
You hit the sky beast.
You punch the sky beast, but do no damage.
The sky beast is almost dead.
The sky beast barely misses you.
You barely miss the sky beast.
The sky beast is almost dead.
The sky beast flickers out of sight!
Deactivating autopickup; reactivate with Ctrl-A.
Something hits you.
* * * LOW HITPOINT WARNING * * *
Something shocks you.
You die...

+ ..# .... .#.. ## .#...
#. #.... #####.#######
......##<..........#.##
.......................
..#.#####....#.@{#
#....#.#.# #....#.#.#
+....#'#+#+#+### #######
#..............# #......
..#+#...........###......
#....................
#..........##........
#..........##........


There were no monsters in sight!

Vanquished Creatures
  Jessica (D:2)
  An adder (D:2)
  A dart slug (D:1)
  4 ball pythons
  4 endoplasms
  2 giant cockroaches
  5 goblins
  2 hobgoblins (D:1)
  4 jackals (D:2)
  6 quokkas
  4 bats
  2 frilled lizards (D:1)
  5 kobolds
  2 rats
43 creatures vanquished.

Vanquished Creatures (others)
  3 toadstools (D:2)
3 creatures vanquished.

Grand Total: 46 creatures vanquished

Notes
Turn   | Place    | Note
-------+----------+-------------------------------------------
     0 | D:1      | avis the Hill Orc Monk began the quest for the Orb.
     0 | D:1      | Reached XP level 1. HP: 19/19 MP: 1/1
   192 | D:1      | Reached XP level 2. HP: 22/27 MP: 2/2
   647 | D:1      | Reached skill level 5 in Axes
   751 | D:1      | Reached XP level 3. HP: 32/33 MP: 3/3
  1180 | D:2      | Noticed Jessica
  1192 | D:2      | Killed Jessica
  1193 | D:2      | Reached XP level 4. HP: 12/41 MP: 4/4
  1200 | D:2      | Got Jessica's Precepts of the Excursion
  1356 | D:2      | Found a basalt altar of Yredelemnul.
  1371 | D:2      | Reached skill level 6 in Axes
  1957 | D:3      | Noticed a sky beast
  1973 | D:3      | Slain by a sky beast

Illustrated notes

Levels and vault maps discovered:
D:1:      reono_arrival_mine, layout_loops_ring
D:2:      layout_rooms, basic_altar, minmay_gold_behind_fungi,
          kennysheep_jessica_study
D:3:      layout_basic, serial_shops, shop, chequers_avenue,
          guppyfry_early_orc_mine

Skill      XL: |  1  2  3  4 |
---------------+-------------+-----
Fighting       | 4 |  4.6
Axes           | 5 6 |  6.0
Dodging        | |  2.4
Stealth        | |  1.5

Action                   |  1- 3 |  4- 6 || total
-------------------------+-------+-------++-------
Melee: Hand axe          |   119 |    40 ||   159
       Punch             |     1 |     3 ||     4
 Stab: Sleeping          |     2 |     1 ||     3
Armor: Robe              |    29 |     7 ||    36
Dodge: Dodged            |   101 |    18 ||   119

Table legend: (Time is in decaauts)
 A = Elapsed time spent in this place.
 B = Non-inter-level travel time spent in this place.
 C = Inter-level travel time spent in this place.
 D = Time resting spent in this place.
 E = Time spent auto-exploring this place.
 F = Levels seen in this place.
 G = Mean time per level.
                   A        B        C        D        E       F      G
               +--------+--------+--------+--------+--------+-----+--------+
         Total |   1981 |   1771 |    210 |    226 |    992 |   3 |  660.3 |
       Dungeon |   1981 |   1771 |    210 |    226 |    992 |   3 |  660.3 |
               +--------+--------+--------+--------+--------+-----+--------+

Top non-repeatable levels by time:
     D:1: 914 daAuts
     D:2: 840 daAuts
     D:3: 225 daAuts
